 Dungeon Crawl Stone Soup version 0.21-a0-207-g4a9efaf (webtiles) character file.

25 StormFighter the Skirmisher (level 2, -1/25 HPs)
             Began as a Mummy Chaos Knight on Aug 20, 2017.
             Slain by a gnoll shaman
             ... wielding a +0 club
              (6 damage)
             ... on level 4 of the Dungeon.
             The game lasted 00:01:42 (408 turns).

StormFighter the Skirmisher (Mummy Chaos Knight)     Turns: 408, Time: 00:01:42

Health: -1/25      AC:  8    Str: 15    XL:     2   Next: 86%
Magic:  2/2        EV:  6    Int: 11    God:    Xom [..*...]
Gold:   29         SH:  0    Dex: 11    Spells: 1/1 levels left

rFire    x . .     SeeInvis .   a - +0 hand axe (chaos)
rCold    + . .     Gourm    .   (no shield)
rNeg     + + +     Faith    .   f - +0 chain mail
rPois    ∞         Spirit   .   (no helmet)
rElec    .         Reflect  .   (no cloak)
rCorr    .         Harm     .   (no gloves)
MR       +....                  (no boots)
Stlth    ..........             (no amulet)
HPRegen  0.08/turn              c - ring of protection from magic
MPRegen  0.08/turn              (no ring)

@: glowing
A: no food or potions, fire vulnerability, cold resistance 1, negative energy
resistance 3, torment resistance, unbreathing
a: Renounce Religion


You were on level 4 of the Dungeon.
You worshipped Xom.
You were a toy of Xom.
You were not hungry.

You visited 1 branch of the dungeon, and saw 5 of its levels.

You collected 29 gold pieces.

Inventory:

Hand Weapons
 a - a +0 hand axe of chaos (weapon)
Missiles
 b - 20 poisoned needles
 e - 2 throwing nets (quivered)
Armour
 f - a +0 chain mail (worn)
Jewellery
 c - a ring of protection from magic (left hand)
Scrolls
 d - 2 scrolls of identify


   Skills:
 + Level 4.1 Fighting
 - Level 2.4 Axes
 - Level 1.5 Armour
 - Level 0.7 Dodging


You had one spell level left.
You didn't know any spells.

Dungeon Overview and Level Annotations

Branches:
Dungeon (5/15)
 Temple: D:4-7

Altars:


Innate Abilities, Weirdness & Mutations

You do not eat or drink.
Your flesh is vulnerable to fire.
You are immune to poison.
Your flesh is cold resistant. (rC+)
You are immune to negative energy. (rN+++)
You are immune to unholy pain and torment.
You can survive without breathing.


Message History

The gnoll shaman hits you but does no damage.
You hit the gnoll shaman. You freeze the gnoll shaman.
The gnoll shaman is lightly wounded.
The gnoll shaman hits you with a club.
* * * LOW HITPOINT WARNING * * *
The gnoll shaman hits you but does no damage.
You can't drink.
As you read the scroll labeled FUC LOEMMAKHIXIYW, it crumbles to dust.
It is a scroll of identify.
You don't have any unidentified items.
The gnoll shaman barely misses you.
Put on which piece of jewellery? (? for menu, Esc to quit)
Okay, then.
You aren't carrying any items that you can evoke.
You barely miss the gnoll shaman.
The gnoll shaman is lightly wounded.
The gnoll shaman calls down the wrath of its god upon you.
You are outlined in light.
The gnoll shaman hits you with a club.
You die...
Xom snickers!

## #. ##.#
##.#..###.. ##..#
###.........###..##
..............#..#
.................#
.................#
...............#g#
...............#@#
..............##.#
..............##.#
.............###.#
............## #.#
...>.......%# #..
............# ###
.............#
.............#


You could see a gnoll shaman.

Vanquished Creatures
  A gnoll (D:5)
  An ooze (D:1)
  A bat (D:1)
  A giant cockroach (D:3)
  2 goblins
  3 jackals (D:3)
  A rat (D:1)
10 creatures vanquished.

Notes
Turn   | Place    | Note
-------+----------+-------------------------------------------
     0 | D:1      | StormFighter the Mummy Chaos Knight began the quest for the Orb.
     0 | D:1      | Reached XP level 1. HP: 18/18 MP: 1/1
    94 | D:1      | XOM: harmless Chrm miscast
   170 | D:2      | Reached XP level 2. HP: 24/24 MP: 2/2
   390 | D:5      | Entered Level 5 of the Dungeon
   393 | D:5      | XOM: mild Pois miscast
   395 | D:5      | Reached skill level 4 in Fighting
   408 | D:4      | Slain by a gnoll shaman

Vault maps used:
D:1:      shiori_arrival_elements
D:2:      fiery_altar_vehumet
D:3:      minmay_door_path, okawaru_metal_pillars_3, first_bread,
          uniq_crazy_yiuf_cottage
D:5:      lemuel_zombie_altar_yredelemnul, minmay_temple_entry_glass

Skill      XL: |  1  2 |
---------------+-------+-----
Fighting       | 4 |  4.1
Axes           | |  2.4
Armour         | |  1.5
Dodging        | |  0.7

Action                   || total
-------------------------++-------
Melee: Hand axe          ||    35
  Use: Scroll            ||     1
Armor: Leather armour    ||    15
       Chain mail        ||     4
Dodge: Dodged            ||    22
